SAAA
PORT ROYAL DISASTER @ SCRANTON SUPERNOVAS
08/23/2030
 
TOP OF THE 1ST
Port Royal Disaster batting - Pitching for Scranton Supernovas : LHP Masami Kogawa
Pitching: LHP Masami Kogawa
Batting: RHB Loren Stallings 0-0: Foul Ball, location: 2F
0-1: Ball
1-1: SINGLE (Groundball, 4MD)
Batting: LHB António Quintero 0-0: Grounds into double play, 6-4-3 (Groundball, 6)
Batting: RHB Sancho Tornero 0-0: Ball
1-0: Foul Ball, location: 2F
1-1: Swinging Strike
1-2: Foul Ball, location: 2F
1-2: Strikes out swinging
Top of the 1st over - 0 runs, 1 hit, 0 errors, 0 left on base; Port Royal 0 - Scranton 0
BOTTOM OF THE 1ST
Scranton Supernovas batting - Pitching for Port Royal Disaster : RHP Roberto Covas
Pitching: RHP Roberto Covas
Batting: RHB Senior Pond 0-0: Ball
1-0: Ball
2-0: Ball
3-0: Base on Balls
Batting: LHB Todd Blankenburg 0-0: Called Strike
0-1: Ball
1-1: Ball
2-1: Ball
3-1: Base on Balls
Senior Pond to second
Batting: RHB Phil Moore 0-0: DOUBLE (Flyball, 8LXD)
Senior Pond scores
Todd Blankenburg to third
Runner from 3rd tries for Home, SAFE, no throw
Batting: RHB Karl Blanke 0-0: Ball
1-0: Ball
2-0: Ball
3-0: Base on Balls
Batting: RHB Felipe Bruno 0-0: Foul Ball, location: 2F
0-1: Ball
1-1: Ball
2-1: Ball
3-1: Base on Balls
Phil Moore to third
Karl Blanke to second
Batting: RHB Mikko Haataja 0-0: Ball
1-0: Ball
2-0: Ball
3-0: Base on Balls
Phil Moore scores
Karl Blanke to third
Felipe Bruno to second
Batting: RHB Michael Walker 0-0: Ball
1-0: SINGLE (Line Drive, 9LS)
Karl Blanke scores
Felipe Bruno to third
Mikko Haataja to second
Batting: LHB Chris Fries 0-0: Swinging Strike
0-1: Ball
1-1: Fly out, F8 (Flyball, 78S)
Runner from 3rd tags up, SCORES, no throw
Batting: RHB David Wooderson 0-0: Ball
Mikko Haataja steals 3rd base
Michael Walker to second
1-0: Ball
2-0: Called Strike
Balk!
Mikko Haataja scores
Michael Walker to third
2-1: Ball
3-1: Base on Balls
Batting: RHB Senior Pond 0-0: Ball
1-0: Ball
2-0: Ball
3-0: Called Strike
3-1: Foul Ball, location: 2F
3-2: Strikes out swinging
Batting: LHB Todd Blankenburg 0-0: Called Strike
0-1: Ground out 4-3 (Groundball, 4)
Bottom of the 1st over - 6 runs, 2 hits, 0 errors, 2 left on base; Port Royal 0 - Scranton 6
TOP OF THE 2ND
Port Royal Disaster batting - Pitching for Scranton Supernovas : LHP Masami Kogawa
Batting: LHB Ricky Payton 0-0: Foul Ball, location: 2F
0-1: Foul Ball, location: 2F
0-2: Ball
1-2: Foul Ball, location: 2F
1-2: Foul Ball, location: 2F
1-2: Ground out 4-3 (Groundball, 4S)
Batting: RHB Javier Martínez 0-0: Ball
1-0: Ball
2-0: Ball
3-0: Called Strike
3-1: Foul Ball, location: 2F
3-2: Base on Balls
Batting: RHB Brandon Cooper 0-0: Called Strike
0-1: Ball
1-1: Swinging Strike
1-2: Strikes out looking
Batting: LHB Sisto Pagnamenta 0-0: Ground out 4-3 (Groundball, 4)
Top of the 2nd over - 0 runs, 0 hits, 0 errors, 1 left on base; Port Royal 0 - Scranton 6
BOTTOM OF THE 2ND
Scranton Supernovas batting - Pitching for Port Royal Disaster : RHP Roberto Covas
Batting: RHB Phil Moore 0-0: Ball
1-0: SINGLE (Flyball, 9S)
Batting: RHB Karl Blanke 0-0: Ball
1-0: Swinging Strike
1-1: Fly out, F8 (Line Drive, 8LM)
Batting: RHB Felipe Bruno 0-0: Ball
1-0: Foul Ball, location: 2F
1-1: Foul Ball, location: 2F
1-2: Ball
2-2: Strikes out swinging
Batting: RHB Mikko Haataja 0-0: Ball
1-0: Ball
2-0: Foul Ball, location: 2F
2-1: Ball
3-1: Foul Ball, location: 2F
3-2: Base on Balls
Phil Moore to second
Batting: RHB Michael Walker 0-0: Called Strike
0-1: Ball
1-1: Fielders Choice at 2nd, 6-4 (Groundball, 6)
Bottom of the 2nd over - 0 runs, 1 hit, 0 errors, 2 left on base; Port Royal 0 - Scranton 6
TOP OF THE 3RD
Port Royal Disaster batting - Pitching for Scranton Supernovas : LHP Masami Kogawa
Batting: RHB Winston Sparks 0-0: Called Strike
0-1: Ball
1-1: Ground out 6-3 (Groundball, 6)
Batting: RHB Nelson Abbey 0-0: Ball
1-0: Called Strike
1-1: Swinging Strike
1-2: Ball
2-2: SINGLE (Groundball, 6MD)
Batting: RHB Loren Stallings 0-0: Foul Ball, location: 2F
0-1: Swinging Strike
0-2: SINGLE (Flyball, 8LS)
Nelson Abbey to second
Batting: LHB António Quintero 0-0: Ball
1-0: Ball
2-0: Swinging Strike
2-1: Ball
3-1: Foul Ball, location: 2F
3-2: Foul Ball, location: 2F
3-2: Foul Ball, location: 2F
3-2: Foul Ball, location: 2F
3-2: Foul Ball, location: 2F
3-2: Fielders Choice at 2nd, 4-6 (Groundball, 34)
Nelson Abbey to third
Batting: RHB Sancho Tornero 0-0: Called Strike
0-1: Ball
António Quintero steals 2nd base
1-1: Ball
2-1: Ball
3-1: Base on Balls
Batting: LHB Ricky Payton 0-0: Called Strike
0-1: Foul Ball, location: 2F
0-2: Ball
1-2: Strikes out looking
Top of the 3rd over - 0 runs, 2 hits, 0 errors, 3 left on base; Port Royal 0 - Scranton 6
BOTTOM OF THE 3RD
Scranton Supernovas batting - Pitching for Port Royal Disaster : RHP Roberto Covas
Batting: LHB Chris Fries 0-0: Ball
1-0: Fly out, F9 (Flyball, 89M)
Batting: RHB David Wooderson 0-0: Ball
1-0: Swinging Strike
1-1: Ground out 5-3 (Groundball, 56S)
Batting: RHB Senior Pond 0-0: Called Strike
0-1: SINGLE (Line Drive, 6MD)
Batting: LHB Todd Blankenburg 0-0: Ball
1-0: Called Strike
Senior Pond steals 2nd base
1-1: Ball
2-1: Ball
3-1: DOUBLE (Line Drive, 9LM)
Senior Pond scores
Batting: RHB Phil Moore 0-0: Called Strike
0-1: Foul Ball, location: 2F
0-2: Ball
1-2: Strikes out looking
Bottom of the 3rd over - 1 run, 2 hits, 0 errors, 1 left on base; Port Royal 0 - Scranton 7
TOP OF THE 4TH
Port Royal Disaster batting - Pitching for Scranton Supernovas : LHP Masami Kogawa
Batting: RHB Javier Martínez 0-0: Swinging Strike
0-1: Called Strike
0-2: Ball
1-2: Ball
2-2: Ball
3-2: Foul Ball, location: 2F
3-2: Base on Balls
Batting: RHB Brandon Cooper 0-0: Foul Ball, location: 2F
0-1: Ball
1-1: Swinging Strike
1-2: Foul Ball, location: 2F
1-2: Ball
2-2: Foul Ball, location: 2F
2-2: Ball
3-2: Hit by Pitch
Javier Martínez to second
Batting: LHB Sisto Pagnamenta 0-0: Ball
1-0: Ball
2-0: Foul Ball, location: 2F
2-1: DOUBLE (Line Drive, 8RXD)
Javier Martínez scores
Brandon Cooper to third
Batting: RHB Winston Sparks 0-0: Called Strike
0-1: Called Strike
0-2: Strikes out looking
Batting: RHB Nelson Abbey 0-0: Foul Ball, location: 2F
0-1: Swinging Strike
0-2: Strikes out looking
Batting: RHB Loren Stallings 0-0: Ball
1-0: Foul Ball, location: 2F
1-1: Foul Ball, location: 2F
1-2: Strikes out swinging
Top of the 4th over - 1 run, 1 hit, 0 errors, 2 left on base; Port Royal 1 - Scranton 7
BOTTOM OF THE 4TH
Scranton Supernovas batting - Pitching for Port Royal Disaster : RHP Roberto Covas
Batting: RHB Karl Blanke 0-0: Ball
1-0: Ball
2-0: Called Strike
2-1: Fly out, F7 (Flyball, 7)
Pitching: RHP Joe Griffin
Batting: RHB Felipe Bruno 0-0: Ball
1-0: Ball
2-0: Hit by Pitch
Batting: RHB Mikko Haataja 0-0: Ball
1-0: Fielders Choice at 2nd, 1-6 (Groundball, P)
Batting: RHB Michael Walker 0-0: Called Strike
Mikko Haataja steals 2nd base
0-1: Ball
1-1: Foul Ball, location: 2F
1-2: Ground out 5-3 (Groundball, 5)
Bottom of the 4th over - 0 runs, 0 hits, 0 errors, 1 left on base; Port Royal 1 - Scranton 7
TOP OF THE 5TH
Port Royal Disaster batting - Pitching for Scranton Supernovas : LHP Masami Kogawa
Batting: LHB António Quintero 0-0: Called Strike
0-1: Ground out 5-3 (Groundball, 56)
Batting: RHB Sancho Tornero 0-0: Ball
1-0: Ball
2-0: Foul Ball, location: 2F
2-1: Ball
3-1: Ground out 6-3 (Groundball, 6)
Batting: LHB Ricky Payton 0-0: Called Strike
0-1: Foul Ball, location: 2F
0-2: Ball
1-2: Foul Ball, location: 2F
1-2: Ball
2-2: Strikes out swinging
Top of the 5th over - 0 runs, 0 hits, 0 errors, 0 left on base; Port Royal 1 - Scranton 7
BOTTOM OF THE 5TH
Scranton Supernovas batting - Pitching for Port Royal Disaster : RHP Joe Griffin
Batting: LHB Chris Fries 0-0: Ground out 4-3 (Groundball, 4)
Batting: RHB David Wooderson 0-0: Fly out, F8 (Flyball, 8LD)
Batting: RHB Senior Pond 0-0: Ball
1-0: Ball
2-0: Called Strike
2-1: Foul Ball, location: 2F
2-2: Foul Ball, location: 2F
2-2: Reached on error, E6 (Groundball, 6)
Batting: LHB Todd Blankenburg 0-0: Called Strike
0-1: Ball
1-1: Ball
2-1: Swinging Strike
2-2: Foul Ball, location: 2F
2-2: Strikes out swinging
Bottom of the 5th over - 0 runs, 0 hits, 1 error, 1 left on base; Port Royal 1 - Scranton 7
TOP OF THE 6TH
Port Royal Disaster batting - Pitching for Scranton Supernovas : LHP Masami Kogawa
Batting: RHB Javier Martínez 0-0: Swinging Strike
0-1: Foul Ball, location: 2F
0-2: Strikes out looking
Batting: RHB Brandon Cooper 0-0: Ball
1-0: Called Strike
1-1: Swinging Strike
1-2: Foul Ball, location: 2F
1-2: Ball
2-2: Ball
3-2: Foul Ball, location: 2F
3-2: Base on Balls
Batting: LHB Sisto Pagnamenta 0-0: Fly out, F5 (Popup, 5SF)
Batting: RHB Winston Sparks 0-0: Ball
1-0: Called Strike
1-1: Ball
2-1: Swinging Strike
2-2: Ball
3-2: SINGLE (Groundball, 56D)
Brandon Cooper to second
Brandon Cooper to third
Pitching: RHP Pedro Rodríguez
Batting: RHB Nelson Abbey 0-0: Foul Ball, location: 2F
0-1: Ball
1-1: Foul Ball, location: 2F
1-2: Ball
2-2: Strikes out swinging
Top of the 6th over - 0 runs, 1 hit, 0 errors, 2 left on base; Port Royal 1 - Scranton 7
BOTTOM OF THE 6TH
Scranton Supernovas batting - Pitching for Port Royal Disaster : RHP Joe Griffin
Batting: RHB Phil Moore 0-0: Ball
1-0: Foul Ball, location: 2F
1-1: Foul Ball, location: 2F
1-2: Foul Ball, location: 2F
1-2: Ball
2-2: Ball
3-2: Ground out U3 (Groundball, 34)
Batting: RHB Karl Blanke 0-0: Foul Ball, location: 2F
0-1: Ball
1-1: Fly out, F9 (Line Drive, 9)
Batting: RHB Felipe Bruno 0-0: Ball
1-0: Ground out 5-3 (Groundball, 56)
Bottom of the 6th over - 0 runs, 0 hits, 0 errors, 0 left on base; Port Royal 1 - Scranton 7
TOP OF THE 7TH
Port Royal Disaster batting - Pitching for Scranton Supernovas : RHP Pedro Rodríguez
Batting: RHB Loren Stallings 0-0: Called Strike
0-1: Ball
1-1: Swinging Strike
1-2: Ball
2-2: Foul Ball, location: 2F
2-2: Ground out 4-3 (Groundball, 4M)
Batting: LHB António Quintero 0-0: Called Strike
0-1: Foul Ball, location: 2F
0-2: Ground out 5-3 (Groundball, 56)
Batting: RHB Sancho Tornero 0-0: Foul Ball, location: 2F
0-1: Ball
1-1: Foul Ball, location: 2F
1-2: Foul Ball, location: 2F
1-2: Ball
2-2: Foul Ball, location: 2F
2-2: SINGLE (Groundball, 34D)
Batting: LHB Ricky Payton 0-0: SINGLE (Line Drive, 9S)
Sancho Tornero to second
Runner from 2nd tries for 3rd, SAFE, no throw
Batting: RHB Javier Martínez 0-0: Called Strike
Ricky Payton steals 2nd base
0-1: Ball
1-1: Foul Ball, location: 2F
1-2: Foul Ball, location: 2F
1-2: SINGLE (Groundball, 6MD)
Sancho Tornero scores
Ricky Payton to third
Runner from 3rd tries for Home, SAFE, no throw
Pitching: RHP Frank Walker
Batting: RHB Brandon Cooper 0-0: Ball
1-0: Foul Ball, location: 2F
1-1: Swinging Strike
1-2: Ball
2-2: Ball
3-2: DOUBLE (Line Drive, 7D)
Javier Martínez to third
Javier Martínez scores
Batting: LHB Sisto Pagnamenta 0-0: Called Strike
0-1: SINGLE (Groundball, 4MD)
Brandon Cooper to third
Runner from 3rd tries for Home, SAFE, throw made home
Batting: RHB Winston Sparks 0-0: Ball
1-0: Ball
Sisto Pagnamenta steals 2nd base
2-0: Fly out, F3 (Popup, 3S)
Top of the 7th over - 4 runs, 5 hits, 0 errors, 1 left on base; Port Royal 5 - Scranton 7
BOTTOM OF THE 7TH
Scranton Supernovas batting - Pitching for Port Royal Disaster : RHP Joe Griffin
Batting: RHB Mikko Haataja 0-0: Ball
1-0: Ball
2-0: Ball
3-0: Called Strike
3-1: Foul Ball, location: 2F
3-2: Foul Ball, location: 2F
3-2: Base on Balls
Batting: RHB Michael Walker 0-0: Called Strike
0-1: Sac Bunt - play at first, batter OUT! 1-3
Mikko Haataja to second
Batting: LHB Chris Fries 0-0: Ball
1-0: Ball
2-0: Foul Ball, location: 2F
2-1: Ball
3-1: Base on Balls
Batting: RHB David Wooderson 0-0: Called Strike
0-1: Grounds into double play, 3-6-3 (Groundball, 34)
Bottom of the 7th over - 0 runs, 0 hits, 0 errors, 1 left on base; Port Royal 5 - Scranton 7
TOP OF THE 8TH
Port Royal Disaster batting - Pitching for Scranton Supernovas : RHP Frank Walker
Batting: RHB Nelson Abbey 0-0: Swinging Strike
0-1: Swinging Strike
0-2: Strikes out looking
Batting: RHB Loren Stallings 0-0: Called Strike
0-1: Foul Ball, location: 2F
0-2: Ball
1-2: Foul Ball, location: 2F
1-2: Ball
2-2: Foul Ball, location: 2F
2-2: Foul Ball, location: 2F
2-2: Strikes out swinging
Batting: LHB António Quintero 0-0: Called Strike
0-1: Ball
1-1: Ground out 4-3 (Groundball, 4D)
Top of the 8th over - 0 runs, 0 hits, 0 errors, 0 left on base; Port Royal 5 - Scranton 7
BOTTOM OF THE 8TH
Scranton Supernovas batting - Pitching for Port Royal Disaster : RHP Joe Griffin
Batting: RHB Senior Pond 0-0: Ball
1-0: Ball
2-0: TRIPLE (Groundball, 5L)
Batting: LHB Todd Blankenburg 0-0: Called Strike
0-1: Ball
1-1: Fly out, F8 (Flyball, 8LXD)
Runner from 3rd tags up, SCORES, no throw
Batting: RHB Phil Moore 0-0: Ball
1-0: Called Strike
1-1: Ball
2-1: Ball
3-1: SOLO HOME RUN (Flyball, 7LD), Distance : 372 ft
Batting: RHB Karl Blanke 0-0: Ball
1-0: Ball
2-0: Called Strike
2-1: Ball
3-1: Called Strike
3-2: Foul Ball, location: 2F
3-2: Fly out, F6 (Popup, 6MD)
Pitching: RHP Alfredo Hernández
Batting: RHB Felipe Bruno 0-0: Called Strike
0-1: Ball
1-1: Ball
2-1: Ball
3-1: Base on Balls
Batting: RHB Mikko Haataja 0-0: Foul Ball, location: 2F
0-1: SINGLE (Line Drive, 8LS)
Felipe Bruno to second
Batting: RHB Michael Walker 0-0: Fielders Choice at 2nd, U6 (Groundball, 6M)
Bottom of the 8th over - 2 runs, 3 hits, 0 errors, 2 left on base; Port Royal 5 - Scranton 9
TOP OF THE 9TH
Port Royal Disaster batting - Pitching for Scranton Supernovas : RHP Frank Walker
Batting: RHB Sancho Tornero 0-0: Swinging Strike
0-1: Foul Ball, location: 2F
0-2: Ground out 6-3 (Groundball, 6)
Batting: LHB Ricky Payton 0-0: Ball
1-0: Ball
2-0: Ball
3-0: Base on Balls
Batting: RHB Javier Martínez 0-0: SINGLE (Line Drive, 8LS)
Ricky Payton to second
Batting: RHB Brandon Cooper 0-0: Ball
1-0: Foul Ball, location: 2F
1-1: Ball
2-1: Foul Ball, location: 2F
2-2: Ball
3-2: Base on Balls
Ricky Payton to third
Javier Martínez to second
Batting: LHB Sisto Pagnamenta 0-0: Foul Ball, location: 2F
0-1: Swinging Strike
0-2: Foul Ball, location: 2F
0-2: Ball
1-2: Grounds into fielders choice 1-2 (Groundball, 13)
Javier Martínez to third
Brandon Cooper to second
Batting: RHB Winston Sparks 0-0: Ground out 6-3 (Groundball, 56)
Top of the 9th over - 0 runs, 1 hit, 0 errors, 3 left on base; Port Royal 5 - Scranton 9
Sunday, March 18th, 2018 - OOTP Baseball 18.8 Build 76